 Dungeon Crawl Stone Soup version 0.14.0-26-g1682e81 (webtiles) character file.

6810 Leibowitz the Nimble (level 11, -3/74 HPs)
             Began as a Kobold Berserker on Apr 26, 2014.
             Was a High Priest of Trog.
             Slain by a wight
             ... wielding a cursed +1,+1 flail of protection
              (11 damage)
             ... on Level 10 of the Dungeon.
             The game lasted 00:49:19 (10847 turns).

Leibowitz the Nimble (Kobold Berserker)            Turns: 10847, Time: 00:49:19

HP  -3/74        AC  3     Str 17      XL: 11   Next: 14%
MP   4/4         EV 29     Int  5      God: Trog [*****.]
Gold 589         SH  0     Dex 18      Spells:  0 memorised, 10 levels left

rFire  . . .     SeeInvis +     a - +2,+7 cutlass (antimagic)
rCold  . . .     Clarity  .     u - +0 leather armour {MR+}
rNeg   . . .     Conserve .     (no shield)
rPois  .         rCorr    .     G - +0 helmet
rElec  .         rRot     .     (no cloak)
SustAb . .       Spirit   .     (no gloves)
rMut   .         Warding  .     (no boots)
Saprov + + .     Stasis   .     (no amulet)
MR     +....                    A - ring of see invisible
                                d - +5 ring of evasion

@: exhausted, slowed, very slow, somewhat resistant to hostile enchantments,
very stealthy
A: disease resistance, carnivore 3, deformed body, robust 1, saprovore 2, slow
metabolism 1
a: Burn Spellbooks, Berserk, Trog's Hand, Brothers in Arms, Renounce Religion


You were on level 10 of the Dungeon.
You worshipped Trog.
Trog was extremely pleased with you.
You were not hungry.

You visited 2 branches of the dungeon, and saw 11 of its levels.

You collected 589 gold pieces.

Inventory:

Hand weapons
 a - a +2,+7 anti-magic cutlass (weapon)
 b - a +2 blowgun
 l - a +0,+0 cutlass
Missiles
 B - 4 poisoned needles
Armour
 e - a +2 leather armour
 u - a +0 leather armour of magic resistance (worn)
 G - a +0 helmet (worn)
Magical devices
 k - a wand of fire (5)
 x - a wand of magic darts (8)
 I - a wand of cold (9)
 K - a wand of slowing (8)
Comestibles
 c - 2 meat rations
 E - 3 beef jerkies
 F - 5 honeycombs
Scrolls
 f - 7 scrolls of identify
 g - 4 scrolls of blinking
 j - 4 scrolls of remove curse
 m - 2 scrolls of magic mapping
 n - 3 scrolls of enchant armour
 y - a scroll of teleportation
 C - a scroll of fear
 H - a scroll of enchant weapon I
 J - a scroll of recharging
Jewellery
 d - a +5 ring of evasion (left hand)
 r - an uncursed ring of regeneration
 w - an uncursed ring of flight
 A - a ring of see invisible (right hand)
Potions
 i - 5 potions of curing
 s - 2 potions of brilliance
 t - 3 potions of agility
 v - 2 potions of resistance
 z - a potion of restore abilities
 D - 2 potions of magic
Books
 o - Sif Muna's Collected Works on Bewitchment
   (You found it on level 2 of the Dungeon)

   Spells                             Type                      Level
   Corona                             Hexes                        1
   Trog disapproves of the use of such an item.
 p - Vehumet's Compendium of Attacks
   (You found it on level 2 of the Dungeon)

   Spells                             Type                      Level
   Magic Dart                         Conjuration                  1
   Trog disapproves of the use of such an item.
 q - Kikubaaqudgha's Disquisition on Sinister Magic
   (You found it on level 2 of the Dungeon)

   Spells                             Type                      Level
   Pain                               Necromancy                   1
   Trog disapproves of the use of such an item.


   Skills:
 * Level 7.7 Fighting
 + Level 9.6 Short Blades
 + Level 3.5 Armour
 + Level 12.7 Dodging
 * Level 9.2 Stealth
 + Level 0.6 Evocations


You had 10 spell levels left.
You didn't know any spells.

Dungeon Overview and Level Annotations

Branches:
Dungeon (10/15)            Temple (1/1) D:4             Orc (0/4) D:9
   Lair: D:8-11

Altars:
Ashenzari
Cheibriados
Dithmenos
Elyvilon
Fedhas
Kikubaaqudgha
Makhleb
Nemelex Xobeh
Okawaru
Sif Muna
Trog
Vehumet
Xom
Yredelemnul
Zin
The Shining One

Shops:
D:7 %


Innate Abilities, Weirdness & Mutations

You recuperate from illness quickly.
You are small and have problems with some larger weapons.
You are carnivorous and can eat meat at any time.
You can eat rotten meat.
Armour fits poorly on your strangely shaped body.
You are robust (+10% HP).
You have a slow metabolism.


Message History

As you read the scroll of fear, it crumbles to dust.
You assume a fearsome visage.
The green rat looks frightened!
The yak looks frightened!
The wight is unaffected.
The orc warrior looks frightened!
The orc looks frightened!
The orc looks frightened!
The orc tries to recover its lost courage.
You hit the orc.
The orc is severely wounded.
The orc hits you with a club.
* * * LOW HITPOINT WARNING * * *
You hit the orc.
You kill the orc!
Trog accepts your kill.
The orc looks desperately for an escape route.
The wight completely misses you.
You barely miss the wight.
Your skin stops crawling.
You feel less resistant to hostile enchantments.
The wight hits you with a glowing flail!
You die...

#...#..... #.#.#......
##...........
#............
###............
##..........?...
##...............
##................
##@)...o...........
#z#)...............
#...#...............
#...o.............###
#.........)........#
#r.........Yo.......#
#.o................).#
#...................#
.......oo............


You could see a yak (fleeing), an orc warrior (fleeing), a wight, a green rat
(fleeing) and 2 orcs.

Vanquished Creatures
  11 yaks
  A deep elf mage (D:10)
  A hippogriff (D:4)
  A steam dragon (D:8)
  A soldier ant (D:8)
  An ice beast (D:9)
  3 sky beasts
  A black bear (D:7)
  A yellow wasp (D:8)
  3 ogres
  Sigmund (D:4)
  A big kobold (D:8)
  4 centaurs
  2 giant frogs (D:7)
  A giant slug (D:8)
  2 crocodiles
  A brain worm (D:8)
  A wyvern zombie (D:7)
  An eye of draining (D:9)
  A hippogriff zombie (D:7)
  3 scorpions
  A troll zombie (D:8)
  A yak skeleton (D:8)
  A black bear zombie (D:9)
  A goliath beetle (D:8)
  A quasit (D:7)
  3 crimson imps
  A jelly (D:8)
  2 giant frog skeletons
  3 orc priests
  3 hounds
  A centaur skeleton (D:7)
  2 iguanas
  5 orc wizards
  A worker ant (shapeshifter) (D:5)
  7 worker ants
  An ogre skeleton (D:4)
  A hound zombie (D:7)
  10 adders
  A gnoll (D:5)
  An inept feature mimic (D:2)
  3 giant mites
  5 worms
  An adder zombie (D:7)
  An iguana skeleton (D:4)
  4 giant geckos
  39 orcs
  A ball python (D:3)
  8 giant cockroaches
  12 goblins
  8 hobgoblins
  4 jackals
  4 quokkas
  19 bats
  A giant gecko zombie (D:9)
  7 giant newts
  3 giant spores
  18 kobolds
  An orc zombie (D:6)
  29 rats
  4 ballistomycetes
261 creatures vanquished.

Vanquished Creatures (collateral kills)
  Grinder (D:4)
  The ghost of Heini the Chopper, an average HOFi (D:4)
  A komodo dragon (D:7)
  Eustachio (D:6)
  Menkaure (D:6)
  An orc warrior (D:7)
  A sky beast (D:6)
  An ogre (D:7)
  A gnoll sergeant (D:5)
  A giant frog (D:7)
  A scorpion (D:4)
  5 wights (D:9)
  An iron imp (D:6)
  2 worker ants
  2 gnolls (D:5)
  A green rat (D:6)
  2 white imps (D:6)
  3 orcs
  2 rats (D:6)
  A ballistomycete (D:6)
30 creatures vanquished.

Vanquished Creatures (others)
  2 two-headed ogres
  2 ogres
  A giant spore (D:6)
5 creatures vanquished.

Grand Total: 296 creatures vanquished

Notes
Turn   | Place    | Note
--------------------------------------------------------------
     0 | D:1      | Leibowitz, the Kobold Berserker, began the quest for the Orb.
     0 | D:1      | Reached XP level 1. HP: 14/14 MP: 1/1
    37 | D:1      | Reached skill level 1 in Stealth
    84 | D:1      | Reached XP level 2. HP: 17/19 MP: 2/2
   230 | D:1      | Acquired Trog's second power
   399 | D:1      | Reached XP level 3. HP: 20/23 MP: 3/3
  1098 | D:2      | Reached XP level 4. HP: 26/28 MP: 4/4
  1486 | D:2      | Found a deep blue altar of Sif Muna.
  1492 | D:2      | Identified Sif Muna's Collected Works on Bewitchment (You found it on level 2 of the Dungeon)
  1498 | D:2      | Found a radiant altar of Vehumet.
  1502 | D:2      | Identified Vehumet's Compendium of Attacks (You found it on level 2 of the Dungeon)
  1506 | D:2      | Found an ancient bone altar of Kikubaaqudgha.
  1513 | D:2      | Identified Kikubaaqudgha's Disquisition on Sinister Magic (You found it on level 2 of the Dungeon)
  1673 | D:2      | Noticed a moth of wrath
  1675 | D:2      | Found a bloodstained altar of Trog.
  1893 | D:3      | Reached XP level 5. HP: 33/33 MP: 5/5
  2016 | D:3      | Reached skill level 5 in Short Blades
  2110 | D:3      | Acquired Trog's third power
  2605 | D:4      | Noticed Grinder
  2608 | D:4      | Paralysed by Grinder for 2 turns
  2625 | D:4      | Killed Grinder
  2625 | D:4      | Reached skill level 5 in Dodging
  2625 | D:4      | Reached XP level 6. HP: 36/38 MP: 6/6
  2637 | D:4      | Noticed Heini's ghost (average HOFi)
  2637 | D:4      | Reached XP level 7. HP: 41/43 MP: 7/7
  2668 | D:4      | Killed Heini's ghost
  2668 | D:4      | Reached skill level 6 in Dodging
  2681 | D:4      | Noticed Sigmund
  2716 | D:4      | Killed Sigmund
  2777 | D:4      | Paralysed by a potion of paralysis for 4 turns
  2918 | D:4      | Noticed a hippogriff
  3004 | D:4      | Killed a hippogriff
  3004 | D:4      | Reached skill level 7 in Dodging
  3004 | D:4      | Reached XP level 8. HP: 24/48 MP: 8/8
  3370 | D:4      | Noticed a sky beast
  3390 | D:4      | Found a staircase to the Ecumenical Temple.
  3399 | Temple   | Entered the Ecumenical Temple
  3558 | D:4      | Killed a sky beast
  4133 | D:5      | Entered Level 5 of the Dungeon
  4382 | D:5      | Reached skill level 8 in Dodging
  4491 | D:5      | Reached skill level 5 in Stealth
  5100 | D:5      | Noticed a shapeshifter
  5100 | D:5      | a human changed into a shapeshifter
  5101 | D:5      | a shapeshifter changed into a crocodile
  5425 | D:5      | Reached skill level 9 in Dodging
  5866 | D:6      | Noticed Eustachio
  5923 | D:6      | Killed Eustachio
  5923 | D:6      | Reached XP level 9. HP: 21/52 MP: 9/9
  6133 | D:6      | Noticed Menkaure
  6155 | D:6      | Killed Menkaure
  6155 | D:6      | Reached skill level 10 in Dodging
  6708 | D:7      | Noticed a komodo dragon
  6719 | D:7      | Killed a komodo dragon
  6918 | D:7      | Found Anuesakh's Food Boutique.
  6953 | D:7      | Reached skill level 11 in Dodging
  7287 | D:7      | Gained mutation: Armour fits poorly on your strangely shaped body. [potion of mutation]
  7287 | D:7      | Gained mutation: You are robust (+10% HP). [potion of mutation]
  7287 | D:7      | Gained mutation: You have a slow metabolism. [potion of mutation]
  7567 | D:7      | Reached skill level 5 in Fighting
  7937 | D:7      | Reached XP level 10. HP: 61/64 MP: 10/10
  9072 | D:8      | Reached skill level 12 in Dodging
  9645 | D:9      | Found a blossoming altar of Fedhas.
  9716 | D:9      | Found a staircase to the Orcish Mines.
 10391 | D:9      | Received a gift from Trog
 10744 | D:10     | Entered Level 10 of the Dungeon
 10779 | D:10     | Reached XP level 11. HP: 65/73 MP: 4/12
 10847 | D:10     | Slain by a wight

Action                   |  1- 3 |  4- 6 |  7- 9 | 10-12 || total
-------------------------+-------+-------+-------+-------++-------
Melee: Short sword       |   155 |   209 |   638 |   395 ||  1397
       Cutlass           |       |       |       |   230 ||   230
 Fire: Blowgun           |       |       |       |     7 ||     7
Invok: Berserk           |       |     2 |     8 |     3 ||    13
       Brothers in Arms  |       |     1 |     6 |     1 ||     8
       Trog's Hand       |       |       |       |     1 ||     1
Evoke: Wand              |       |       |       |     6 ||     6
  Use: Scroll            |       |     7 |     5 |     2 ||    14
       Potion            |       |       |    10 |     2 ||    12
 Stab: Sleeping          |     6 |     4 |     8 |     6 ||    24
       Distracted        |       |       |     2 |       ||     2
